 Dungeon Crawl Stone Soup version 0.28.0-1-gb440e238dd (webtiles) character file.

Game seed: 12168394961800702368

4 hikkokomori the Digger (level 1, 0/10 HPs)
             Began as a Gargoyle Earth Elementalist on Feb 25, 2022.
             Constricted to death by a ball python (1 damage)
             ... on level 1 of the Dungeon.
             The game lasted 00:01:01 (416 turns).

hikkokomori the Digger (Gargoyle Earth Elementalist) Turns: 416, Time: 00:01:02

Health: 0/10       AC:  5    Str: 11    XL:     1   Next: 70%
Magic:  0/3        EV:  8    Int: 15    God:
Gold:   8          SH:  0    Dex: 10    Spells: 3/4 levels left

rFire   . . .      SeeInvis .   e - +0 dagger
rCold   . . .      Faith    .   (no shield)
rNeg    + . .      Spirit   .   d - +0 leather armour
rPois   ∞          Reflect  .   (no helmet)
rElec   +          Harm     .   (no cloak)
rCorr   .          Rampage  .   (no gloves)
Will    .....                   (no boots)
Stlth   ++........              (no amulet)
HPRegen 0.03/turn               (no ring)
MPRegen 0.08/turn               (no ring)

@: constricted
A: sickness immunity, AC +2, negative energy resistance 1, electricity
resistance, torment resistance 1, petrification resistance
a: no special abilities


You were on level 1 of the Dungeon.
You visited 1 branch of the dungeon, and saw 1 of its levels.

You collected 8 gold pieces.

Inventory:

Hand Weapons
 e - a +0 dagger (weapon)
Missiles
 c - 46 stones
Armour
 b - a +0 robe
 d - a +0 leather armour (worn)
Scrolls
 a - a scroll of magic mapping {unknown}
 g - a scroll of blinking {unknown}
 h - a scroll of teleportation {unknown}
Potions
 f - a potion of haste {unknown}


   Skills:
 - Level 1.5 Dodging
 + Level 2.3 Stealth
 * Level 2.1 Spellcasting
 - Level 0.7 Transmutations
 * Level 3.8 Earth Magic


You had 3 spell levels left.
You knew the following spells:

 Your Spells              Type           Power      Damage    Failure   Level
a - Sandblast             Erth           26%        2d8       6%          1

Your spell library contained the following spells:

 Spells                   Type           Power      Damage    Failure   Level
 Passwall                 Tmut/Erth      6%         N/A       17%         2
 Stone Arrow              Conj/Erth      14%        3d7       36%         3
 Petrify                  Tmut/Erth      8%         N/A       75%         4


Dungeon Overview and Level Annotations

Branches:
Dungeon (1/15)

Altars:


Innate Abilities, Weirdness & Mutations

You are immune to sickness and miasma.
Your stone body is resilient. (AC +2)
You are immune to poison.
You resist negative energy. (rN+)
You are resistant to electric shocks. (rElec)
You are resistant to unholy torment.
You are immune to petrification.


Message History

The blast of sand hits the hobgoblin.
The hobgoblin is heavily wounded.
The ball python barely misses you. The ball python constricts you.
Casting: Sandblast (safe; 6% risk of failure)
Confirm with . or Enter, or press ? or * to list all spells.
Aiming: Sandblast (safe; 6% risk of failure)
Press: ? - help, Shift-Dir - straight line, f/p - hobgoblin
Aim: a hobgoblin (heavily wounded, 79% to hit)
The blast of sand misses the hobgoblin.
The ball python bites you but does no damage.
The ball python constricts you. The ball python barely misses you.
The ball python constricts you.
Unknown command.
Casting: Sandblast (safe; 6% risk of failure)
Confirm with . or Enter, or press ? or * to list all spells.
Aiming: Sandblast (safe; 6% risk of failure)
Press: ? - help, Shift-Dir - straight line, f/p - hobgoblin
Aim: a hobgoblin (heavily wounded, 79% to hit)
The blast of sand misses the hobgoblin.
The hobgoblin barely misses you. The ball python bites you.
The ball python constricts you.
Unknown command.
Casting: Sandblast (safe; 6% risk of failure)
Confirm with . or Enter, or press ? or * to list all spells.
You don't have enough magic to cast this spell.
You closely miss the hobgoblin.
The hobgoblin is heavily wounded.
The hobgoblin barely misses you. The ball python bites you.
* * * LOW HITPOINT WARNING * * *
The ball python constricts you.
You escape the ball python's grasp.
The hobgoblin hits you but does no damage.
The ball python bites you but does no damage.
The ball python grabs you. The ball python constricts you.
You escape the ball python's grasp.
You closely miss the hobgoblin.
The hobgoblin is moderately wounded.
The hobgoblin barely misses you. The ball python bites you.
* * * LOW HITPOINT WARNING * * *
The ball python grabs you. The ball python constricts you.
You die...

..........#.....#
#..........#.###+#####
#..........#.........#
#..........#..)......#
#..........#....^....#
#.........##.........#
#......)..##......†..#
#.....S..............#
####.....g@.............#
#........####.........###
#........# #.........#
#........# #.........#
#........# #.........#
#........+ ........###
#........# ###.....#
#........######.....#
#........#....#.....#


You could see a hobgoblin and a ball python.

Vanquished Creatures
  2 goblins (D:1)
  A quokka (D:1)
  A bat (D:1)
4 creatures vanquished.

Notes
Turn   | Place    | Note
-------+----------+-------------------------------------------
     0 | D:1      | hikkokomori the Gargoyle Earth Elementalist began the quest
                  | for the Orb.
     0 | D:1      | Reached XP level 1. HP: 10/10 MP: 3/3
   416 | D:1      | Constricted to death by a ball python

Illustrated notes

Levels and vault maps discovered:
D:1:      nicolae_arrival_washed_ashore, layout_basic

Action                   || total
-------------------------++-------
Melee: Dagger            ||     6
 Cast: Sandblast         ||     5
 Stab: Sleeping          ||     1
Armor: Leather armour    ||     3
Dodge: Dodged            ||     6
